 Dungeon Crawl Stone Soup version 0.16.2-2-g470672f (webtiles) character file.

121 CrazyArbalest the Quickloader (level 4, 0/41 HPs)
             Began as a Centaur Hunter on Aug 20, 2015.
             Succumbed to an adder's poison
             ... on level 3 of the Dungeon.
             The game lasted 00:06:37 (2326 turns).

CrazyArbalest the Quickloader (Centaur Hunter)      Turns: 2326, Time: 00:06:37

Health: 0/41       AC:  4    Str: 15    XL:     4   Next: 77%
Magic:  3/3        EV: 10    Int: 10    God:
Gold:   66         SH:  0    Dex: 10    Spells: 0 memorised, 3 levels left

rFire  . . .     SeeInvis .     b - +1 hand crossbow
rCold  . . .     Clarity  .     d - +0 leather armour
rNeg   . . .     SustAb   .     (no shield)
rPois  .         Gourm    .     (no helmet)
rElec  .         Spirit   .     (no cloak)
rCorr  .         Warding  .     (no gloves)
rMut   .         Stasis   .     (no barding)
MR     .....                    (no amulet)
Stlth  +.........               (no ring)
                                (no ring)

@: lethally poisoned (0 -> -4), very quick, not resistant to hostile
enchantments, very unstealthy
A: hooves 3, deformed body, speed 2, tough skin 3
a: no special abilities


You were on level 3 of the Dungeon.
You were not hungry.

You visited 1 branch of the dungeon, and saw 3 of its levels.

You collected 66 gold pieces.

Inventory:

Hand weapons
 a - a +0 whip
 b - a +1 hand crossbow (weapon)
 o - a +0 dagger of pain
Missiles
 c - 37 bolts (quivered)
Armour
 d - a +0 leather armour (worn)
Jewellery
 p - an uncursed ring of see invisible {unknown}
Scrolls
 e - a scroll of identify {unknown}
 g - a scroll of teleportation {unknown}
 k - a scroll of enchant armour {unknown}
 l - a scroll of recharging {unknown}
 q - a scroll of noise {unknown}
 r - a scroll of magic mapping {unknown}
Potions
 m - a potion of curing {unknown}
Comestibles
 f - 3 bread rations
 h - a slice of pizza
 j - a meat ration
 n - a beef jerky


   Skills:
 + Level 4.4 Fighting
 + Level 3.3 Maces & Flails
 * Level 8.2 Crossbows
 + Level 2.7 Armour
 + Level 3.4 Dodging
 + Level 2.8 Stealth


You had 3 spell levels left.
You didn't know any spells.

Dungeon Overview and Level Annotations

Branches:
Dungeon (3/15)

Altars:
Ashenzari
Dithmenos
Kikubaaqudgha
Nemelex Xobeh
Qazlal


Innate Abilities, Weirdness & Mutations

You have hooves in place of feet.
Armour fits poorly on your strangely shaped body.
You cover ground very quickly.
You have extremely tough skin (AC +3).


Message History

The adder is moderately wounded.
You feel sick.
You are no longer poisoned.
The adder bites you.
* * * LOW HITPOINT WARNING * * *
The adder bites you.
* * * LOW HITPOINT WARNING * * *
You are lethally poisoned!
The adder poisons you!
Drink which item? (? for menu, Esc to quit)
It was a potion of experience.
You feel more experienced!
Your Fighting skill gained 2 levels and is now at level 4!
Your Maces & Flails skill gained 3 levels and is now at level 3!
Your Crossbows skill gained 3 levels and is now at level 8!
Your Armour skill gained 2 levels and is now at level 2!
Your Dodging skill gained 2 levels and is now at level 3!
Your Stealth skill gained 2 levels and is now at level 2!
You have reached level 4!
You feel stronger.
You die...

######### #####(....S@#
#.....#####.#
#.....#####.###
#....S....#.#.##
#.......#......##
#.....#.###.....#######.
#.#.#.#.##..............
#.#.#...........#######.
#.#.###.####...##


You could see an adder.

Vanquished Creatures
  An adder (D:2)
  A giant mite (D:1)
  A worm (D:2)
  A giant gecko (D:1)
  2 bats (D:1)
  3 giant cockroaches (D:1)
  2 hobgoblins (D:2)
  6 kobolds
  2 ball pythons (D:1)
  3 giant newts
  4 goblins
  3 jackals (D:2)
  6 rats
35 creatures vanquished.

Vanquished Creatures (others)
  5 toadstools (D:1)
5 creatures vanquished.

Grand Total: 40 creatures vanquished

Notes
Turn   | Place    | Note
--------------------------------------------------------------
     0 | D:1      | CrazyArbalest, the Centaur Hunter, began the quest for the Orb.
     0 | D:1      | Reached XP level 1. HP: 17/17 MP: 1/1
   346 | D:1      | Reached XP level 2. HP: 24/24 MP: 2/2
   555 | D:1      | Reached skill level 5 in Crossbows
  1117 | D:1      | Reached XP level 3. HP: 24/29 MP: 3/3
  1515 | D:2      | Found a sparkling altar of Nemelex Xobeh.
  1517 | D:2      | Found a shattered altar of Ashenzari.
  1541 | D:2      | Noticed an air elemental
  1543 | D:2      | Found a stormy altar of Qazlal.
  1547 | D:2      | Noticed a water elemental
  1547 | D:2      | Noticed an earth elemental
  1547 | D:2      | Noticed a fire elemental
  2007 | D:2      | Found a shadowy altar of Dithmenos.
  2009 | D:2      | Found an ancient bone altar of Kikubaaqudgha.
  2325 | D:3      | HP: 1/29 [adder (3)]
  2326 | D:3      | Reached skill level 8 in Crossbows
  2326 | D:3      | Reached XP level 4. HP: 1/41 MP: 3/3
  2326 | D:3      | Succumbed to an adder's poison

Action                   |  1- 3 |  4- 6 || total
-------------------------+-------+-------++-------
Melee: Short sword       |    51 |       ||    51
       Whip              |   102 |       ||   102
 Fire: Hand crossbow     |    22 |       ||    22
  Use: Potion            |     1 |       ||     1
  Eat: Chunk             |     3 |       ||     3
